 Dungeon Crawl Stone Soup version 0.27.1-3-gb3d3a73c9e (webtiles) character file.

Game seed: 4279918437604975865

74 bnorton916 the Conjurer (level 4, -3/24 HPs)
             Began as a Deep Elf Conjurer on Oct 17, 2021.
             Was an Initiate of Cheibriados.
             Shot with an arrow by a centaur (4 damage)
             ... on level 4 of the Dungeon.
             The game lasted 00:02:38 (3188 turns).

bnorton916 the Conjurer (Deep Elf Conjurer)         Turns: 3188, Time: 00:02:39

Health: -3/24      AC:  3    Str: 11    XL:     4   Next: 9%
Magic:  8/12       EV: 12    Int: 25    God:    Cheibriados [......]
Gold:   149        SH:  0    Dex: 14    Spells: 9/12 levels left

rFire    . . .     SeeInvis .   (no weapon)
rCold    . . .     Faith    .   (no shield)
rNeg     . . .     Spirit   .   a - +1 robe
rPois    .         Reflect  .   (no helmet)
rElec    .         Harm     .   (no cloak)
rCorr    .         Rampage  .   (no gloves)
Will     .....                  (no boots)
Stlth    ++........             (no amulet)
HPRegen  0.08/turn              f - +6 ring of strength
MPRegen  0.13/turn              (no ring)

@: very slow
A: no striking features
a: Renounce Religion, Bend Time


You were on level 4 of the Dungeon.
You worshipped Cheibriados.
Cheibriados was noncommittal.
You visited 1 branch of the dungeon, and saw 4 of its levels.

You collected 149 gold pieces.

Inventory:

Armour
 a - a +1 robe (worn)
Jewellery
 f - a +6 ring of strength (left hand)
Scrolls
 d - a scroll of amnesia
 g - 2 scrolls of enchant armour
Potions
 b - 4 potions of heal wounds {unknown}
 c - a potion of mutation {unknown}
 e - 2 potions of curing {unknown}
 h - 2 potions of invisibility {unknown}
 k - a potion of lignification {unknown}


   Skills:
 - Level 2.4 Dodging
 - Level 2.4 Stealth
 + Level 4.7 Spellcasting
 + Level 5.4 Conjurations


You had 9 spell levels left.
You knew the following spells:

 Your Spells              Type           Power      Damage    Failure   Level
a - Magic Dart            Conj           100%       1d8       1%          1
b - Searing Ray           Conj           64%        3d5       1%          2

Your spell library contained the following spells:

 Spells                   Type           Power      Damage    Failure   Level
 Dazzling Flash           Conj/Hex       38%        N/A       9%          3
 Fulminant Prism          Conj/Hex       9%         3d7       28%         4
 Iskenderun's Mystic Bla  Conj/Tloc      19%        2d6       28%         4


Dungeon Overview and Level Annotations

Branches:
Dungeon (4/15)
 Temple: D:4-7

Altars:
Cheibriados
Hepliaklqana
Yredelemnul
The Shining One

Annotations:
D:2 Sigmund


Message History

A centaur comes into view.
A centaur is nearby!
Casting: Magic Dart (safe; 1% risk of failure)
Confirm with . or Enter, or press ? or * to list all spells.
Aiming: Magic Dart (safe; 1% risk of failure)
Press: ? - help, Shift-Dir - straight line, f - centaur
Aim: a centaur, quivering arrows (asleep, 100% to hit)
The magic dart hits the centaur.
The centaur is lightly wounded.
The centaur shouts!
The centaur wields a +0 shortbow.
The centaur shoots an arrow.
The arrow closely misses you.
The centaur shoots an arrow.
The arrow hits you.
Casting: Magic Dart (safe; 1% risk of failure)
Confirm with . or Enter, or press ? or * to list all spells.
Aiming: Magic Dart (safe; 1% risk of failure)
Press: ? - help, Shift-Dir - straight line, f/p - centaur
Aim: a centaur, wielding a +0 shortbow and quivering arrows (lightly wounded, 100% to hit)
The magic dart hits the centaur but does no damage.
The centaur is lightly wounded.
Casting: Magic Dart (safe; 1% risk of failure)
Confirm with . or Enter, or press ? or * to list all spells.
Aiming: Magic Dart (safe; 1% risk of failure)
Press: ? - help, Shift-Dir - straight line, f/p - centaur
Aim: a centaur, wielding a +0 shortbow and quivering arrows (lightly wounded, 100% to hit)
The magic dart hits the centaur.
The centaur is lightly wounded.
The centaur shoots an arrow.
The arrow hits you!
The centaur shoots an arrow.
The arrow misses you.
Casting: Magic Dart (safe; 1% risk of failure)
Confirm with . or Enter, or press ? or * to list all spells.
Aiming: Magic Dart (safe; 1% risk of failure)
Press: ? - help, Shift-Dir - straight line, f/p - centaur
Aim: a centaur, wielding a +0 shortbow and quivering arrows (lightly wounded, 100% to hit)
The magic dart hits the centaur.
The centaur is moderately wounded.
The centaur shoots an arrow.
The arrow barely misses you.
The centaur shoots an arrow.
The arrow hits you!
* * * LOW HITPOINT WARNING * * *
The centaur shoots an arrow.
The arrow hits you.
You die...

###
#.#######...
#<@......c..
#########...


You could see a centaur.

Vanquished Creatures
  3 adders
  2 dart slugs (D:2)
  3 orcs (D:3)
  5 endoplasms
  5 goblins
  2 hobgoblins
  3 jackals (D:3)
  2 kobolds
  A quokka (D:1)
  A ball python (D:3)
  4 bats
  2 frilled lizards
  5 rats
38 creatures vanquished.

Vanquished Creatures (others)
  A plant (D:3)
1 creature vanquished.

Grand Total: 39 creatures vanquished

Notes
Turn   | Place    | Note
-------+----------+-------------------------------------------
     0 | D:1      | bnorton916 the Deep Elf Conjurer began the quest for the
                  | Orb.
     0 | D:1      | Reached XP level 1. HP: 10/10 MP: 6/6
   718 | D:2      | Found a basalt altar of Yredelemnul.
   723 | D:2      | Reached XP level 2. HP: 15/15 MP: 4/8
   898 | D:2      | Reached skill level 5 in Conjurations
   898 | D:2      | Reached XP level 3. HP: 19/19 MP: 5/10
   901 | D:2      | Learned a level 2 spell: Searing Ray
   938 | D:2      | Noticed Sigmund
  1558 | D:3      | Found a hazy altar of Hepliaklqana.
  2014 | D:3      | Found a snail-covered altar of Cheibriados.
  2043 | D:3      | Found a glowing golden altar of the Shining One.
  2274 | D:3      | Became a worshipper of Cheibriados the Contemplative
  2769 | D:3      | Reached XP level 4. HP: 24/24 MP: 4/12
  3182 | D:4      | Noticed a centaur
  3187 | D:4      | HP: 1/24 [centaur/arrow (11)]
  3188 | D:4      | Shot with an arrow by a centaur

Illustrated notes

Levels and vault maps discovered:
D:1:      elethiomel_arrival_quiet, layout_basic
D:2:      layout_rooms, basic_altar, uniq_sigmund
D:3:      cheibrodos_old_hovel, layout_loops_ring,
          mainiacjoe_overflow_cross_hatched,
          mainiacjoe_overflow_concentric_impassable,
          nicolae_tso_carved_into_rock, serial_co_window_serial,
          co_window_corner_a, co_window_corner_a, co_window_paths_a,
          co_window_paths_a, co_window_paths_b, co_window_corner_b,
          co_window_paths_c, co_window_of_opportunity_c,
          co_window_unsneaky_path_a, co_window_corner_b, co_window_paths_e,
          glass_columns_a, glass_columns_a, glass_columns_c, glass_columns_a,
          glass_columns_a
D:4:      layout_loops_corners, gammafunk_temple_overflow_elements,
          gup_ossuary_entry_pyramid, chequers_serial_rivers_micro_b

Skill      XL: |  1  2 |
---------------+-------+-----
Spellcasting   | 4 |  4.7
Conjurations   | 5 |  5.4
Dodging        | |  2.4
Stealth        | |  2.4

Action                   |  1- 3 |  4- 6 || total
-------------------------+-------+-------++-------
 Cast: Magic Dart        |    60 |     8 ||    68
       Searing Ray       |     3 |     1 ||     4
  Use: Scroll            |       |     4 ||     4
Armor: Robe              |    10 |       ||    10
Dodge: Dodged            |    18 |     3 ||    21
